 Dungeon Crawl Stone Soup version 0.20.1-1-g8b1a95d (webtiles) character file.

39 namelastname112 the Scratcher (level 3, -1/15 HPs)
             Began as a Felid Chaos Knight on July 19, 2017.
             Slain by an adder (2 damage)
             ... on level 3 of the Dungeon.
             The game lasted 00:03:50 (2273 turns).

namelastname112 the Scratcher (Felid Chaos Knight)  Turns: 2273, Time: 00:03:50

Health: -1/15      AC:  1    Str:  8    XL:     3   Next: 28%
Magic:  3/5        EV: 19    Int: 13    God:    Xom [*.....]
Gold:   85         SH:  0    Dex: 16    Spells: 2/3 levels left
                                        Lives:  0   Deaths: 1

rFire    . . .     SeeInvis +     - Unarmed
rCold    + . .     Gourm    .   (shield unavailable)
rNeg     + . .     Faith    .   (armour unavailable)
rPois    .         Spirit   .   (helmet unavailable)
rElec    .         Reflect  .   (cloak unavailable)
rCorr    .         Harm     .   (gloves unavailable)
MR       .....     Clarity  +   (boots unavailable)
Stlth    ++........             (no amulet)
Regen    0.1/turn               c - ring of positive energy
MPRegen  0.1/turn               m - ring of protection from cold

@: lethally poisoned (-1 -> -5), very slightly contaminated, quick
A: no armour, no weapons or thrown items, stealth, claws 1, fangs 3, see
invisible, carnivore 3, clarity, speed 1, frail 1, shaggy fur 1, slow metabolism
1, evolution 1, sharp paws
a: Renounce Religion


You were on level 3 of the Dungeon.
You worshipped Xom.
You were a special plaything of Xom.
You were not hungry.

You visited 1 branch of the dungeon, and saw 3 of its levels.

You collected 85 gold pieces.

Inventory:

Jewellery
 c - a ring of positive energy (left paw)
 m - a ring of protection from cold (right paw)
Scrolls
 d - a scroll of enchant armour
 e - 2 scrolls of identify
 f - 2 scrolls of remove curse
 n - a scroll of random uselessness {unknown}
Books
 j - a book of Misfortune

   Spells                             Type                      Level
   a - Confusing Touch                Hexes                        1
   b - Confuse                        Hexes                        3
   c - Gell's Gravitas                Translocation                3
   d - Petrify                        Transmutation/Earth          4
   e - Metabolic Englaciation         Hexes/Ice                    5
   f - Yara's Violent Unravelling     Hexes/Transmutation          5
Comestibles
 a - 2 meat rations
 h - a royal jelly


   Skills:
 + Level 3.4 Fighting
 + Level 3.8 Dodging
 + Level 1.9 Stealth
 * Level 3.9 Unarmed Combat
 + Level 0.8 Spellcasting
 + Level 1.1 Hexes


You had 2 spell levels left.
You knew the following spells:

 Your Spells              Type           Power        Failure   Level  Hunger
a - Confusing Touch       Hex            #.....       19%         1    ##.....


Dungeon Overview and Level Annotations

Branches:
Dungeon (3/15)

Altars:
Fedhas
Gozag
Xom

Annotations:
D:3 Robin


Innate Abilities, Weirdness & Mutations

You cannot wear armour.
You are incapable of wielding weapons or throwing items.
Your paws allow you to move quietly. (Stealth)
You have sharp claws.
You have razor-sharp teeth.
You have supernaturally acute eyesight. (SInv)
You are carnivorous and can eat meat at any time.
You cover ground quickly.
You are covered in fur. (AC +1)
You have a slow metabolism.
Your sharp claws are effective at attacking unaware monsters.
You possess an exceptional clarity of mind.
You are frail. (-10% HP)
You evolve.


Message History

* * * LOW HITPOINT WARNING * * *
You aren't carrying any potions.
You closely miss the adder.
The adder is severely wounded.
The adder barely misses you.
You scratch the adder. Your bite misses the adder.
The adder is severely wounded.
* * * LOW HITPOINT WARNING * * *
You feel sick. The adder completely misses you. The adder barely misses you.
You miss the adder.
The adder is severely wounded.
The adder barely misses you.
* * * LOW HITPOINT WARNING * * *
You feel sick.
There is a stone staircase leading up here.
You scratch the adder.
The adder is almost dead.
The adder misses you. The adder bites you.
You die... "What!?
That's it?"

.).#...#.# #.. #.#...........
.#..o#...# #.####.#.####..#...
...#...#.# #....#.#........###
.#.o.#...## #..#.#.#...........
...#.(.#..#####..#.#.#.........##
.#...#...(.o........>..........#
...#...#.######o.....#........###
.#...#....# ##S................
...#......# #@......#'##'#.###
.#...).##.# #####.###.##.#.#
#....### ..# #...#....#.# ######
#.# #.#.######.# .# #.# #.# .#
#.# #.# #.. ###


You could see an adder and an orc.

Vanquished Creatures
  3 adders
  A leopard gecko (D:1)
  2 orcs (D:3)
  A ball python (D:3)
  3 giant cockroaches
  7 goblins
  9 hobgoblins
  2 jackals (D:2)
  4 kobolds
  9 bats
  3 frilled lizards
  10 rats
54 creatures vanquished.

Vanquished Creatures (others)
  A rat (D:3)
1 creature vanquished.

Grand Total: 55 creatures vanquished

Notes
Turn   | Place    | Note
-------+----------+-------------------------------------------
     0 | D:1      | namelastname112 the Felid Chaos Knight began the quest for the Orb.
     0 | D:1      | Reached XP level 1. HP: 10/10 MP: 2/2
    67 | D:1      | XOM: divination: detect items
   369 | D:1      | XOM: 3-stop teleportation journey
   381 | D:1      | XOM: scenery: create altars
   387 | D:1      | Reached skill level 1 in Stealth
   387 | D:1      | Reached XP level 2. HP: 12/14 MP: 3/3
   459 | D:1      | XOM: silly message
   597 | D:1      | XOM: give mutations
   813 | D:2      | Found an opulent altar of Gozag.
   945 | D:2      | XOM: mild Tmut miscast
   970 | D:2      | You fall through a shaft!
   979 | D:3      | Reached XP level 3. HP: 15/17 MP: 4/4
  1018 | D:2      | Learned a level 1 spell: Confusing Touch
  1366 | D:2      | Found a blossoming altar of Fedhas.
  1386 | D:2      | XOM: noise
  1637 | D:2      | XOM is BORED!
  1948 | D:3      | Reached skill level 1 in Hexes
  1948 | D:3      | Reached XP level 4. HP: 8/21 MP: 3/5
  2015 | D:3      | XOM: give mutation
  2015 | D:3      | Gained mutation: Your body sometimes deteriorates upon taking damage. [Xom's mischief]
  2071 | D:3      | XOM: 8-stop teleportation journey
  2218 | D:3      | XOM: 1-stop teleportation journey
  2219 | D:3      | Noticed Robin
  2222 | D:3      | Lost mutation: Your body sometimes deteriorates upon taking damage. [potion of mutation]
  2222 | D:3      | Gained mutation: You are frail. (-10% HP) [potion of mutation]
  2222 | D:3      | Gained mutation: You possess an exceptional clarity of mind. [potion of mutation]
  2222 | D:3      | Gained mutation: You evolve. [potion of mutation]
  2226 | D:3      | XOM: noise
  2230 | D:3      | Slain by a goblin
  2231 | D:3      | Reached XP level 3. HP: -3/15 MP: 5/5
  2273 | D:3      | Slain by an adder

Skill      XL: |  1  2  3 |
---------------+----------+-----
Stealth        | 1 |  1.9
Hexes          | 1 |  1.1
Fighting       | |  3.4
Dodging        | |  3.8
Unarmed Combat | |  3.9
Spellcasting   | |  0.8

Action                   |  1- 3 |  4- 6 || total
-------------------------+-------+-------++-------
Melee: Unarmed           |   152 |     7 ||   159
       Bite              |    10 |       ||    10
 Cast: Confusing Touch   |     2 |       ||     2
  Use: Potion            |       |     4 ||     4
       Scroll            |       |     3 ||     3
 Stab: Sleeping          |    10 |     1 ||    11
       Confused          |     1 |       ||     1
  Eat: Chunk             |     7 |       ||     7
Armor: Skin              |     7 |       ||     7
Dodge: Dodged            |   144 |    13 ||   157
